 Dungeon Crawl Stone Soup version 0.31.0-12-g77e489cdc1 (webtiles) character file.

Game seed: 1708844849108449954

98 Maffolandro the Caller (level 4, 0/33 HPs)
             Began as an Armataur Hedge Wizard on Feb 18, 2024.
             Incinerated by a bombardier beetle (4 damage)
             ... with a burning spray
             ... on level 3 of the Dungeon.
             The game lasted 00:07:10 (1910 turns).

Maffolandro the Caller (Armataur Hedge Wizard)      Turns: 1910, Time: 00:07:10

Health: 0/33       AC:  4    Str: 15    XL:     4   Next: 43%
Magic:  8/8        EV:  9    Int: 17    God:
Gold:   176        SH:  0    Dex:  9    Spells: 1/8 levels left

rFire   . . .        a - +0 trident
rCold   . . .        (no shield)
rNeg    . . .        b - +0 robe
rPois   .            c - +0 hat
rElec   .            (no cloak)
rCorr   .            (no gloves)
SInv    .            (no barding)
Will    .....        (no amulet)
Stlth   +            (no ring)
HPRegen 0.25/turn    (no ring)
MPRegen 1.10/turn

%: roll
@: on fire, glowing
A: large, deformed body, tough skin 3, armoured tail, roll 1
a: no special abilities


You were on level 3 of the Dungeon.
You visited 1 branch of the dungeon, and saw 3 of its levels.

You collected 176 gold pieces.

Inventory:

Hand Weapons
 a - a +0 trident (weapon)
 g - a +0 short sword
Missiles
 p - 7 poisoned darts
Armour
 b - a +0 robe (worn)
 c - a +0 hat (worn)
 h - a +0 ring mail
Magical Staves
 u - a staff of alchemy
Wands
 s - a wand of mindburst (15)
 v - a wand of charming (12)
Scrolls
 e - 2 scrolls of fear {unknown}
 f - 2 scrolls of vulnerability {unknown}
 i - 4 scrolls of identify {unknown}
 j - a scroll of poison {unknown}
 k - a scroll of torment {unknown}
 l - 2 scrolls of teleportation {unknown}
 m - a scroll of revelation {unknown}
 q - a scroll of fog {unknown}
Potions
 d - a potion of magic
 n - a potion of heal wounds {unknown}
 o - 2 potions of might {unknown}
 r - a potion of haste {unknown}
 t - a potion of curing {unknown}


   Skills:
 - Level 1.3 Dodging
 - Level 2.1 Stealth
 - Level 2.6 Spellcasting
 - Level 0.8 Conjurations
 * Level 3.6 Summonings
 - Level 1.0 Translocations


You had one spell level left.
You knew the following spells:

 Your Spells              Type           Power      Damage    Failure   Level
a - Magic Dart            Conj           20%        1d4       13%         1
b - Call Imp              Summ           28%        N/A       6%          2
c - Momentum Strike       Conj/Tloc      10%        3d8       19%         2
d - Blink                 Tloc           10%        N/A       19%         2

Your spell library contained the following spells:

 Spells                   Type           Power      Damage    Failure   Level
 Slow                     Hex            8%         N/A       19%         1
 Lesser Beckoning         Tloc           10%        N/A       19%         2
 Cigotuvi's Dreadful Rot  Necr/Alch/Air  4%         N/A       26%         2
 Mephitic Cloud           Conj/Alch/Air  3%         N/A       43%         3


Dungeon Overview and Level Annotations

Branches:
Dungeon (3/15)

Altars:


Innate Abilities, Weirdness & Mutations

Armour fits poorly on your strangely shaped body.
You have extremely tough skin. (AC +3)
You have a long armoured tail.
You regenerate magic when rolling toward enemies. (Rampage MPRegen)


Message History

The bat barely misses your cerulean imp.
Your cerulean imp barely misses the bat.
Found a scroll labelled YTUUDU BID IGU.
You shake off the liquid fire.
Your cerulean imp hits the bat but does no damage.
You roll towards the bombardier beetle!
You barely miss the bombardier beetle. You tail-slap the bombardier beetle.
The bombardier beetle is severely wounded.
Your cerulean imp barely misses the bat.
Unknown command.
You hit the bombardier beetle.
The bombardier beetle is almost dead.
The bombardier beetle sprays incendiary fluid at you.
The burning spray hits you.
You are covered in liquid fire!
Your cerulean imp hits the bat but does no damage.
Unknown command.
You hit the bombardier beetle but do no damage.
The bombardier beetle is almost dead.
The liquid fire burns you!
Your cerulean imp closely misses the bat.
The bombardier beetle barely misses you.
Unknown command.
You closely miss the bombardier beetle.
Your tail-slap misses the bombardier beetle.
The bombardier beetle is almost dead.
The liquid fire burns you!
* * * LOW HITPOINT WARNING * * *
Your cerulean imp closely misses the bat.
Unknown command.
You shake off some of the fire as you move.
The liquid fire burns you!
* * * LOW HITPOINT WARNING * * *
Your cerulean imp hits the bat but does no damage.
The bombardier beetle sprays incendiary fluid at you.
The burning spray hits you.
You are even more covered in liquid fire!
You shake off some of the fire as you move.
The liquid fire burns you!
You die...

.....##...........# ...
..####...........# ..####
#.## #...........#
###...... #..#
#...........# ##........
##.# #......)....# #..#
#.###.###...##.#####5##
#.......#..###.# #b..#
#........†.###.###B###
##........#.##.)@...#
.#.......##.##.(....#
................).......?
##....................##.
###.#.................#
.......##..##...........
.......##.####......#####
..†...##### #.......
....<.# #.......#


You could see a bombardier beetle.

Vanquished Creatures
  A bombardier beetle (D:3)
  An adder (D:3)
  A ribbon worm (D:3)
  A ball python (D:2)
  A giant cockroach (D:1)
  4 goblins
  3 hobgoblins
  5 bats
  3 frilled lizards
  3 kobolds
  2 rats
25 creatures vanquished.

Vanquished Creatures (collateral kills)
  3 adders (D:3)
  An endoplasm (D:3)
  A goblin (D:3)
  A frilled lizard (D:3)
6 creatures vanquished.

Grand Total: 31 creatures vanquished

Notes
Turn   | Place    | Note
-------+----------+-------------------------------------------
     0 | D:1      | Maffolandro the Armataur Hedge Wizard began the quest for
                  | the Orb.
     0 | D:1      | Reached XP level 1. HP: 14/14 MP: 4/4
   107 | D:1      | Reached skill level 1 in Summonings
   493 | D:1      | Reached XP level 2. HP: 19/20 MP: 3/5
   496 | D:1      | Learned a level 2 spell: Call Imp
  1231 | D:2      | Reached skill level 2 in Summonings
  1577 | D:3      | Reached XP level 3. HP: 21/26 MP: 0/7
  1580 | D:3      | Learned a level 2 spell: Momentum Strike
  1583 | D:3      | Learned a level 2 spell: Blink
  1806 | D:3      | Reached skill level 3 in Summonings
  1869 | D:3      | Reached XP level 4. HP: 33/33 MP: 8/8
  1910 | D:3      | Incinerated by a bombardier beetle

Illustrated notes

Levels and vault maps discovered:
D:1:      evilmike_arrival_crescent, layout_basic,
          chequers_serial_rivers_micro_b
D:2:      layout_basic
D:3:      layout_rooms

Skill      XL: |  1  2  3 |
---------------+----------+-----
Summonings     | 1 2 3 |  3.6
Dodging        | |  1.3
Stealth        | |  2.1
Spellcasting   | |  2.6
Conjurations   | |  0.8
Translocations | |  1.0

Action                     |  1- 3 |  4- 6 || total
---------------------------+-------+-------++-------
  Melee: Short sword       |    39 |       ||    39
         Tailslap          |     7 |     1 ||     8
         Trident           |    44 |     9 ||    53
         Punch             |     1 |       ||     1
   Cast: Magic Dart        |    31 |     4 ||    35
         Call Imp          |     7 |     1 ||     8
   Stab: Sleeping          |     1 |       ||     1
 Armour: Robe              |    68 |     2 ||    70
  Dodge: Dodged            |    27 |     2 ||    29
